 Dungeon Crawl Stone Soup version 0.28.0 (webtiles) character file.

Game seed: 17826236237376809279

12 Minsecho the Grave Robber (level 2, -2/20 HPs)
             Began as a Ghoul Necromancer on Feb 12, 2022.
             Was a Follower of Sif Muna.
             Slain by a jackal (3 damage)
             ... on level 1 of the Dungeon.
             The game lasted 00:02:16 (550 turns).

Minsecho the Grave Robber (Ghoul Necromancer)        Turns: 550, Time: 00:02:17

Health: -2/20      AC:  2    Str: 11    XL:     2   Next: 33%
Magic:  0/3        EV: 12    Int: 10    God:    Sif Muna [*.....]
Gold:   62         SH:  0    Dex:  9    Spells: 3/4 levels left

rFire   . . .      SeeInvis .   (no weapon)
rCold   + . .      Faith    .   (no shield)
rNeg    + + +      Spirit   .   a - +0 robe
rPois   ∞          Reflect  .   (no helmet)
rElec   .          Harm     .   (no cloak)
rCorr   .          Rampage  .   (no gloves)
Will    .....                   (no boots)
Stlth   ++........              (no amulet)
HPRegen 0.00/turn               c - ring of flight
MPRegen 0.08/turn               (no ring)

@: flying, inhibited regen
A: claws 1, cold resistance 1, negative energy resistance 3, inhibited
regeneration, torment resistance 2
a: Renounce Religion, Channel Magic


You were on level 1 of the Dungeon.
You worshipped Sif Muna.
Sif Muna was aware of your devotion.
You visited 1 branch of the dungeon, and saw 1 of its levels.

You collected 62 gold pieces.

Inventory:

Armour
 a - a +0 robe (worn)
Jewellery
 c - a ring of flight (left claw)


   Skills:
 + Level 0.2 Fighting
 + Level 2.0 Dodging
 + Level 2.3 Stealth
 + Level 0.4 Unarmed Combat
 + Level 1.8 Spellcasting
 + Level 4.2 Necromancy


You had 3 spell levels left.
You knew the following spells:

 Your Spells              Type           Power      Damage    Failure   Level
a - Pain                  Necr           36%        1d5       5%          1

Your spell library contained the following spells:

 Spells                   Type           Power      Damage    Failure   Level
 Animate Skeleton         Necr           18%        N/A       5%          1
 Vampiric Draining        Necr           9%         2d6       17%         3
 Apportation              Tloc           0%         N/A       32%         1
 Summon Small Mammal      Summ           0%         N/A       32%         1
 Animate Dead             Necr           4%         N/A       50%         4
 Agony                    Necr           9%         N/A       83%         5


Dungeon Overview and Level Annotations

Branches:
Dungeon (1/15)

Altars:
Sif Muna


Innate Abilities, Weirdness & Mutations

You thrive by killing the living.
You are immune to poison.
You have sharp fingernails.
Your flesh is cold resistant. (rC+)
You are immune to negative energy. (rN+++)
You do not regenerate when monsters are visible.
You are immune to unholy pain and torment.


Message History

You closely miss the jackal.
The jackal is almost dead.
The jackal barely misses you.
You closely miss the jackal.
The jackal is almost dead.
The jackal bites you but does no damage.
You closely miss the jackal.
The jackal is almost dead.
The jackal closely misses you.
The jackal pauses to sniff the ground.
The jackal bites you.
* * * LOW HITPOINT WARNING * * *
You scratch the jackal but do no damage.
The jackal is almost dead.
The jackal closely misses you.
Okay, then.
You aren't carrying any potions.
As you read the scroll labelled ZETOATH URGHU, it crumbles to dust.
It is a scroll of enchant weapon.
You aren't carrying any weapons that can be enchanted.
The jackal misses you. The jackal closely misses you.
You scratch the jackal.
You kill the jackal!
Sif Muna accepts your kill.
You feel better.
You barely miss the jackal. The jackal bites you.
* * * LOW HITPOINT WARNING * * *
You barely miss the jackal. The jackal bites you.
* * * LOW HITPOINT WARNING * * *
The jackal bites you.
* * * LOW HITPOINT WARNING * * *
You closely miss the jackal.
The jackal bites you but does no damage.
Casting: Pain (safe; 5% risk of failure)
Confirm with . or Enter, or press ? or * to list all spells.
Aiming: Pain (safe; 5% risk of failure)
Press: ? - help, Shift-Dir - straight line, f - jackal
Aim: a jackal (chance to affect: 76%)
The jackal writhes in agony.
The jackal bites you.
You die...

#. #...### ..
#.#..# ######
.## ##.##.##
..>... .
##..##..#
......##
#..####.####
....... #.##
#....# .......
###.# ####.##
.......###...#
#..#
.......h@..###
##.##
.......#####
#... .......
#### .......
.......
.......
.......
......#


You could see a jackal.

Vanquished Creatures
  An endoplasm (D:1)
  A giant cockroach (D:1)
  A hobgoblin (D:1)
  3 jackals (D:1)
  2 bats (D:1)
  3 rats (D:1)
11 creatures vanquished.

Notes
Turn   | Place    | Note
-------+----------+-------------------------------------------
     0 | D:1      | Minsecho the Ghoul Necromancer began the quest for the Orb.
     0 | D:1      | Reached XP level 1. HP: 14/14 MP: 2/2
   350 | D:1      | Found a faded altar of an unknown god.
   360 | D:1      | Reached XP level 2. HP: 19/20 MP: 0/3
   385 | D:1      | Prayed at the altar of an unknown god.
   385 | D:1      | Became a worshipper of Sif Muna the Loreminder
   385 | D:1      | Reached * piety under Sif Muna
   548 | D:1      | HP: 1/20 [jackal (1)]
   550 | D:1      | Slain by a jackal

Illustrated notes

Levels and vault maps discovered:
D:1:      eino_arrival_cavern_a, layout_rooms,
          hellmonk_ecumenical_altar_pennies_from_heaven, serial_corexii_hall,
          chequers_hall_statues_wall_a, chequers_hall_statues_corner_a

Skill      XL: |  1 |
---------------+----+-----
Dodging        | 2 |  2.0
Fighting       | |  0.2
Stealth        | |  2.3
Unarmed Combat | |  0.4
Spellcasting   | |  1.8
Necromancy     | |  4.2

Action                   || total
-------------------------++-------
Melee: Unarmed           ||    42
 Cast: Pain              ||    20
  Use: Scroll            ||     1
Armor: Robe              ||    11
Dodge: Dodged            ||    47
